 Dungeon Crawl Stone Soup version 0.16-a0-3770-gc215ce9 (console) character file.

214 Kellhus the Conjurer (level 5, -1/31 HPs)
             Began as an Octopode Wizard on Jan 24, 2015.
             Slain by Johnny's ghost (9 damage)
             ... in a sewer.
             The game lasted 00:04:58 (3231 turns).

Kellhus the Conjurer (Octopode Wizard)              Turns: 3231, Time: 00:04:58

Health: -1/31      AC:  1    Str:  6    XL:     5   Next: 92%
Magic:  1/11       EV: 12    Int: 21    God:
Gold:   72         SH:  0    Dex: 11    Spells: 1 memorised, 9 levels left

rFire  . . .     SeeInvis .     a - +2 dagger (venom)
rCold  . . .     Clarity  .     (no shield)
rNeg   . . .     SustAb   .     b - +0 hat
rPois  .         Gourm    .     (no amulet)
rElec  .         Spirit   .     (no ring)
rCorr  .         Warding  .     (no ring)
rMut   .         Stasis   .     (no ring)
MR     .....                    (no ring)
Stlth  ++++......               (no ring)
                                (no ring)
                                (no ring)
                                (no ring)

@: very slightly contaminated, not resistant to hostile enchantments, stealthy
A: almost no armour, amphibious, 8 rings, constrict 8, camouflage 1, gelatinous
body 1
a: no special abilities


You were in a sewer.
You were not hungry.

You visited 1 branch of the dungeon, and saw 3 of its levels.
You also visited: Sewer.

You collected 72 gold pieces.

Inventory:

Hand weapons
 a - a +2 dagger of venom (weapon)
Missiles
 i - 22 poisoned needles
Armour
 b - a +0 hat (worn)
Magical staves
 q - an uncursed staff of poison
Scrolls
 f - 5 scrolls of identify {unknown}
 g - a scroll of immolation {unknown}
 h - 2 scrolls of remove curse {unknown}
 j - a scroll of enchant weapon {unknown}
 k - 2 scrolls of fear {unknown}
 m - 2 scrolls of blinking {unknown}
 o - a scroll of enchant armour {unknown}
Potions
 d - a potion of brilliance {unknown}
 e - 2 potions of curing {unknown}
 p - a potion of flight {unknown}
Books
 c - a book of Minor Magic

   Spells                             Type                      Level
   a - Magic Dart                     Conjuration                  1
   b - Blink                          Translocation                2
   c - Call Imp                       Summoning                    2
   d - Repel Missiles                 Charms/Air                   2
   e - Slow                           Hexes                        2
   f - Conjure Flame                  Conjuration/Fire             3
   g - Mephitic Cloud                 Conjuration/Poison/Air       3
Comestibles
 l - a slice of pizza
 n - 2 bread rations
 r - a meat ration


   Skills:
 - Level 2.0 Dodging
 - Level 2.6 Stealth
 - Level 3.0 Spellcasting
 + Level 5.6 Conjurations
   Level 1.0 Summonings
   Level 1.0 Translocations


You had 9 spell levels left.
You knew the following spells:

 Your Spells              Type           Power        Failure   Level  Hunger
a - Magic Dart            Conj           ####         1%          1    None


Dungeon Overview and Level Annotations

Branches:
Dungeon (3/15)

Altars:
Qazlal

Annotations:
D:3 Sigmund Sewer Johnny's ghost, average OpFi


Innate Abilities, Weirdness & Mutations

You cannot wear most types of armour.
You are amphibious.
You can wear up to eight rings at the same time.
You can use your tentacles to constrict many enemies at once.
Your skin changes colour to match your surroundings (Stealth).
Your rubbery body absorbs attacks (AC +1).


Message History

The magic dart hits Johnny's ghost.
Johnny's ghost is severely damaged.
Johnny's ghost hits you!
Casting: Magic Dart
Confirm with . or Enter, or press ? or * to list all spells.
Aiming: Magic Dart
Press: ? - help, Shift-Dir - straight line, f/p - Johnny's ghost
Aim: Johnny's ghost (water, severely damaged)
The magic dart hits Johnny's ghost.
Johnny's ghost is almost destroyed.
Johnny's ghost hits you!
Casting: Magic Dart
Confirm with . or Enter, or press ? or * to list all spells.
Aiming: Magic Dart
Press: ? - help, Shift-Dir - straight line, f/p - Johnny's ghost
Aim: Johnny's ghost (water, almost destroyed)
The magic dart hits Johnny's ghost.
Johnny's ghost is almost destroyed.
Johnny's ghost hits you!
You die...

##.≈≈≈.##
#.≈≈≈.#
#.≈≈≈.###
#.≈≈≈..∩#
#.≈≈≈.###
#.≈≈≈.#
##≈≈≈##
#≈W≈#
#≈@≈#
#≈≈≈#
#≈≈≈#
#≈≈##
##≈# #≈##
#≈≈# ##≈#
#≈#


You could see Johnny's ghost.

Vanquished Creatures
  A big kobold (Sewer)
  An adder (D:2)
  A river rat (Sewer)
  A giant mite (D:3)
  3 gnolls (D:2)
  2 worms (D:2)
  2 giant geckos
  A ball python (D:1)
  5 hobgoblins
  3 jackals
  15 kobolds
  11 bats
  4 giant cockroaches
  9 giant newts
  5 goblins
  12 rats
76 creatures vanquished.

Notes
Turn   | Place    | Note
--------------------------------------------------------------
     0 | D:1      | Kellhus, the Octopode Wizard, began the quest for the Orb.
     0 | D:1      | Reached XP level 1. HP: 11/11 MP: 4/4
   216 | D:1      | Reached XP level 2. HP: 17/17 MP: 1/6
   924 | D:1      | Reached XP level 3. HP: 21/21 MP: 1/7
  1698 | D:2      | Reached XP level 4. HP: 27/27 MP: 0/9
  1843 | D:2      | Reached skill level 4 in Conjurations
  2610 | D:2      | Found a stormy altar of Qazlal.
  2826 | D:3      | Noticed Sigmund
  2850 | D:3      | Reached XP level 5. HP: 31/31 MP: 4/11
  2893 | D:3      | Found a glowing drain.
  2897 | Sewer    | Entered a sewer
  3146 | Sewer    | Reached skill level 5 in Conjurations
  3209 | Sewer    | Noticed Johnny's ghost (average OpFi)
  3231 | Sewer    | Slain by Johnny's ghost

Action                   |  1- 3 |  4- 6 || total
-------------------------+-------+-------++-------
Melee: Dagger            |     5 |    14 ||    19
 Cast: Magic Dart        |    93 |    87 ||   180
  Eat: Chunk             |     1 |     1 ||     2
       Bread ration      |       |     1 ||     1
